 Dungeon Crawl Stone Soup version 0.27-a0-906-g0a00ce863d (webtiles) character file.

Game seed: 15848165489852472308

54 kae the Ruffian (level 3, 11/28 HPs)
             Began as a Demonspawn Gladiator on Apr 6, 2021.
             Quit the game on level 3 of the Dungeon.
             The game lasted 00:01:19 (2475 turns).

kae the Ruffian (Demonspawn Gladiator)              Turns: 2475, Time: 00:01:19

Health: 11/28      AC:  4    Str: 21    XL:     3   Next: 66%
Magic:  3/3        EV: 12    Int:  9    God:
Gold:   117        SH:  0    Dex: 14    Spells: 2/2 levels left

rFire    . . .     SeeInvis .     - Unarmed
rCold    . . .     Faith    .   (no shield)
rNeg     . . .     Spirit   .   a - +0 leather armour
rPois    .         Reflect  .   (helmet restricted)
rElec    .         Harm     .   (no cloak)
rCorr    .         Rampage  .   (no gloves)
Will     .....                  (no boots)
Stlth    +.........             (no amulet)
HPRegen  0.09/turn              e - +6 ring of strength
MPRegen  0.08/turn              (no ring)

@: no status effects
A: horns 1, sharp scales 1
a: no special abilities


You were on level 3 of the Dungeon.
You visited 1 branch of the dungeon, and saw 4 of its levels.

You collected 117 gold pieces.

Inventory:

Missiles
 c - 3 throwing nets (quivered)
Armour
 a - a +0 leather armour (worn)
 b - a +0 helmet
Jewellery
 e - a +6 ring of strength (left hand)
Scrolls
 f - a scroll of identify
 h - a scroll of teleportation
Potions
 d - a potion of brilliance
 g - 2 potions of flight
 i - a potion of lignification
 j - a potion of might


   Skills:
 + Level 2.6 Fighting
 - Level 1.7 Throwing
 + Level 3.1 Dodging
 * Level 3.5 Unarmed Combat


You had 2 spell levels left.
You didn't know any spells.
Your spell library was empty.

Dungeon Overview and Level Annotations

Branches:
Dungeon (4/15)
 Temple: D:4-7

Altars:


Innate Abilities, Weirdness & Mutations

You have a pair of small horns on your head.
You are partially covered in razor-sharp scales. (AC +1, Slay +1)


Message History

There are monsters nearby!
You barely miss the hobgoblin.
The hobgoblin is severely wounded.
The hobgoblin misses you. The orc hits you with a +0 hand axe.
You are too injured to fight recklessly!
There are monsters nearby!
You are too injured to fight recklessly!
You are too injured to fight recklessly!
There are monsters nearby!
You are too injured to fight recklessly!
You are too injured to fight recklessly!
There are monsters nearby!
You hit the orc.
The orc is almost dead.
The hobgoblin barely misses you. The orc hits you with a +0 hand axe.
You closely miss the orc. Your headbutt misses the orc.
The orc is almost dead.
The hobgoblin closely misses you. The orc hits you but does no damage.
You hit the orc.
You kill the orc!
The hobgoblin hits you but does no damage.
The hobgoblin throws a stone.
The stone hits you but does no damage.
Things that are here:
a +0 hand axe; an orc corpse The hobgoblin closely misses you.
You closely miss the hobgoblin.
The hobgoblin is severely wounded.
The hobgoblin barely misses you.
You hit the hobgoblin but do no damage.
The hobgoblin is severely wounded.
The hobgoblin hits you.
You punch the hobgoblin!
You kill the hobgoblin!
Things that are here:
17 stones; a hobgoblin corpse
As you read the scroll labelled HICONIW VIADD, it crumbles to dust.
The air around you briefly surges with heat, but it dissipates.
It was a scroll of immolation.
You don't have any unidentified items.
Are you sure you want to abandon this character and quit the game? (Confirm with "yes".)

####### #.....#
#########.###.#
............#.#
.......##.#.#.##
######.##......#############
# #.##.#.####@#.#...#.#.# #
#.##.#.# ##(#..#..#.## #
#......####.#..###[.#.# #
#.##......##.)## ##..## .
...#.#.####..## ##..### .
.....#.# #.. ##...# #
...#.#.####.. #..#.#
...##.#...###. #..##.#
##.#.## #.###.# .# #..# #.#


There were no monsters in sight!

Vanquished Creatures
  An orc (D:3)
  3 bats
  6 endoplasms
  4 giant cockroaches
  5 goblins
  5 hobgoblins
  2 jackals (D:1)
  6 kobolds
  A quokka (D:1)
  9 ball pythons
  3 frilled lizards
  5 rats
50 creatures vanquished.

Notes
Turn   | Place    | Note
-------+----------+-------------------------------------------
     0 | D:1      | kae the Demonspawn Gladiator began the quest for the Orb.
     0 | D:1      | Reached XP level 1. HP: 16/16 MP: 1/1
   325 | D:1      | Gained mutation: You are partially covered in razor-sharp
                  | scales. (AC +1, Slay +1) [demonic ancestry]
   325 | D:1      | Reached XP level 2. HP: 19/22 MP: 2/2
  1688 | D:1      | Gained mutation: You have a pair of small horns on your
                  | head. [demonic ancestry]
  1688 | D:1      | Reached XP level 3. HP: 16/28 MP: 3/3
  2280 | D:3      | You fall into a shaft and drop 1 floor!
  2475 | D:3      | Quit the game

Illustrated notes

Levels and vault maps discovered:
D:1:      lemuel_arrival_rhombus, layout_basic
D:2:      layout_rooms
D:3:      minmay_diamond_boxcup, layout_loops_ring, minmay_joined_circles,
          uniq_robin
D:4:      layout_rooms, cheibrodos_worm_habitat, gup_sewer_entry_spiral

Skill      XL: |  1  2 |
---------------+-------+-----
Unarmed Combat | 3 |  3.5
Dodging        | 3 |  3.1
Fighting       | |  2.6
Throwing       | |  1.7

Action                   || total
-------------------------++-------
Melee: Unarmed           ||   146
       Punch             ||     3
       Headbutt          ||    11
  Use: Scroll            ||     5
 Stab: Sleeping          ||     2
Armor: Leather armour    ||    56
Dodge: Dodged            ||   118

Table legend: (Time is in decaauts)
 A = Elapsed time spent in this place.
 B = Non-inter-level travel time spent in this place.
 C = Inter-level travel time spent in this place.
 D = Time resting spent in this place.
 E = Time spent auto-exploring this place.
 F = Levels seen in this place.
 G = Mean time per level.
                   A        B        C        D        E       F      G
               +--------+--------+--------+--------+--------+-----+--------+
         Total |   2467 |   2431 |     36 |    380 |   1707 |   4 |  616.8 |
       Dungeon |   2467 |   2431 |     36 |    380 |   1707 |   4 |  616.8 |
               +--------+--------+--------+--------+--------+-----+--------+

Top non-repeatable levels by time:
     D:1: 1550 daAuts
     D:2: 602 daAuts
     D:3: 260 daAuts
     D:4: 54 daAuts
